 Dungeon Crawl Stone Soup version 0.29-a0-664-gff9cad4a3d (webtiles) character file.

Game seed: 16431831777098249404

16781 lunkers the Bludgeoner (level 12, -12/96 HPs)
             Began as a Formicid Fighter on June 22, 2022.
             Was an Initiate of Yredelemnul.
             Mangled by Snorg (15 damage)
             ... on level 2 of the Lair of Beasts.
             The game lasted 00:13:46 (10148 turns).

lunkers the Bludgeoner (Formicid Fighter)          Turns: 10148, Time: 00:13:46

Health: -12/96     AC: 17    Str: 31    XL:     12   Next: 74%
Magic:  14/16      EV: 10    Int: 20    God:    Yredelemnul [......]
Gold:   700        SH:  0    Dex: 19    Spells: 11/11 levels left

rFire   . . .      SeeInvis +   w - +1 giant club
rCold   . . .      Faith    .   (shield currently unavailable)
rNeg    + + .      Spirit   .   b - +0 scale mail
rPois   .          Reflect  .   (helmet unavailable)
rElec   .          Harm     .   h - +1 cloak
rCorr   .          Rampage  .   f - +1 pair of gloves
Will    +....                   g - +5 pair of boots of the Unbroken {Str+6 Int+2 SInv}
Stlth   ..........              p - amulet of regeneration
HPRegen 1.06/turn               H - ring of Umaciech {rN+ Int+9 Dex+6 Stlth-}
MPRegen 0.15/turn               s - ring of positive energy

@: mighty
A: permanent stasis, dig shafts and tunnels, antennae 3, four strong arms
a: Dig, Shaft Self, Renounce Religion, Recall Undead Harvest


You were on level 2 of the Lair of Beasts.
You worshipped Yredelemnul.
Yredelemnul was noncommittal.
You visited 3 branches of the dungeon, and saw 13 of its levels.

You collected 700 gold pieces.

Inventory:

Hand Weapons
 a - a +2 whip of electrocution
 w - a +1 giant club (weapon)
Missiles
 j - a throwing net
Armour
 b - a +0 scale mail (worn)
 c - a +0 buckler
 f - a +1 pair of gloves (worn)
 g - the +5 pair of boots of the Unbroken (worn) {Str+6 Int+2 SInv}
   (You acquired it on level 3 of the Dungeon)

   Str:       It affects your strength (+6).
   Int:       It affects your intelligence (+2).
   SInv:      It lets you see invisible.
 h - a +1 cloak (worn)
Jewellery
 i - a ring of magical power
 p - an amulet of regeneration (around neck)
 s - a ring of positive energy (right hand)
 B - a ring of protection from cold
 G - a ring of flight
 H - the ring of Umaciech (left hand) {rN+ Int+9 Dex+6 Stlth-}
   (You found it on level 2 of the Lair of Beasts)

   [ring of positive energy]

   Int:       It affects your intelligence (+9).
   Dex:       It affects your dexterity (+6).
   rN:        It protects you from negative energy.
   Stlth:     It makes you less stealthy.
Wands
 A - a wand of charming (9)
 C - a wand of flame (25)
 F - a wand of quicksilver (5)
Scrolls
 e - a scroll of summoning
 k - 3 scrolls of fear
 q - a scroll of vulnerability
 y - a scroll of fog
 E - a scroll of enchant armour
Potions
 d - 2 potions of might
 l - 2 potions of lignification
 m - 2 potions of attraction
 n - 5 potions of mutation
 o - 7 potions of curing
 r - 3 potions of invisibility
 t - 2 potions of magic
 u - 2 potions of heal wounds
 v - 2 potions of flight {unknown}
 x - 2 potions of berserk rage {unknown}
 z - 2 potions of brilliance {unknown}
 D - a potion of haste {unknown}


   Skills:
 + Level 9.4 Fighting
 * Level 17.4 Maces & Flails
 - Level 3.2 Armour
 - Level 4.0 Shields
 + Level 5.8 Invocations


You had 11 spell levels left.
You didn't know any spells.
Your spell library contained the following spells:

 Spells                   Type           Power      Damage    Failure   Level
 Freeze                   Ice            0%         1d3       36%         1
 Magic Dart               Conj           0%         1d3       36%         1
 Sting                    Tmut/Pois      0%         1d3       36%         1
 Poisonous Vapours        Pois/Air       0%         N/A       50%         2
 Searing Ray              Conj           0%         2d4       50%         2
 Conjure Flame            Conj/Fire      0%         6-21      75%         3
 Frozen Ramparts          Ice            0%         1d2       75%         3
 Gell's Gravitas          Tloc           0%         N/A       75%         3
 Ignite Poison            Fire/Tmut/Pois 0%         N/A       75%         3
 Lesser Beckoning         Tloc           0%         N/A       75%         3
 Stone Arrow              Conj/Erth      0%         3d7       75%         3
 Teleport Other           Tloc           0%         N/A       75%         3
 Animate Armour           Summ/Erth      0%         N/A       98%         4
 Fulminant Prism          Conj/Hex       0%         3d6       98%         4
 Hailstorm                Conj/Ice       0%         3d3       98%         4
 Olgreb's Toxic Radiance  Pois           0%         N/A       98%         4
 Sticky Flame             Conj/Fire      0%         2d3       98%         4
 Conjure Ball Lightning   Conj/Air       0%         3x3d6     100%        6
 Discord                  Hex            0%         N/A       100%        8
 Disjunction              Tloc           0%         N/A       100%        8
 Lehudib's Crystal Spear  Conj/Erth      0%         10d2      100%        8


Dungeon Overview and Level Annotations

Branches:
Dungeon (9/15)             Temple (1/1) D:4            Lair (3/6) D:8
  Swamp (0/4) Lair:2        Snake (0/4) Lair:2
    Orc: D:9-12

Altars:
Ashenzari
Cheibriados
Dithmenos
Elyvilon
Fedhas
Gozag
Hepliaklqana
Makhleb
Nemelex Xobeh
Okawaru
Qazlal
Ru
Trog
Uskayaw
Vehumet
Wu Jian
Xom
Yredelemnul
Zin
The Shining One

Shops:
D:7 =

Annotations:
D:6 3 runed translucent doors, croobank's ghost, novice GnDe
Lair:2 Snorg


Innate Abilities, Weirdness & Mutations

You cannot be hasted, slowed, berserked, paralysed or teleported.
You can dig through walls and to a lower floor.
You have a pair of large antennae on your head. (SInv)
Your four strong arms can wield two-handed weapons with a shield.


Message History

The bullfrog hits you.
A yak comes into view.
The yak bellows!
There is a stone staircase leading up here.
Snorg closely misses you. Snorg misses you. Snorg closely misses you.
The bullfrog hits you but does no damage.
Snorg bites you! Snorg claws you but does no damage. x2
You climb upwards.
There is a stone staircase leading down here.
You pound Snorg like an anvil!!!
Snorg is moderately wounded.
The bullfrog hits you. Snorg closely misses you.
Snorg claws you but does no damage. Snorg claws you!
You barely miss Snorg.
Snorg is moderately wounded.
The bullfrog closely misses you. Snorg bites you but does no damage.
Snorg claws you! x2
* * * LOW HITPOINT WARNING * * *
You barely miss Snorg.
Snorg is moderately wounded.
The bullfrog barely misses you. Snorg bites you but does no damage.
Snorg claws you.
* * * LOW HITPOINT WARNING * * *
Snorg claws you!
* * * LOW HITPOINT WARNING * * *
Unknown command.
You feel very mighty all of a sudden.
The bullfrog hits you but does no damage.
Snorg bites you but does no damage. Snorg claws you!
* * * LOW HITPOINT WARNING * * *
Snorg barely misses you. The bullfrog hits you!
* * * LOW HITPOINT WARNING * * *
Nothing appears to have answered your call.
Snorg bites you.
* * * LOW HITPOINT WARNING * * *
Snorg claws you but does no damage. Snorg claws you.
* * * LOW HITPOINT WARNING * * *
The bullfrog barely misses you. Snorg bites you!
You die...
Your body rises from the dead as a mindless zombie.

....###.......######..........###
....##P.#.......#.#...........#.#
............⌠...##.............#.
........#........##..............
........##........#......#######Z
....>.....##.#..⌠...###.## ####Z
.......#............##.⌠.####P.Z.
.......+............#.....#P....Z
#......#...⌠..⌠.@T⌠.'..<.⌠#....Z.
#...............F...#.....#...Z..
#...................#Z.⌠.###..Z..
#......##..###..⌠..###.#.###..Z..
##.......###......###..P.#P......
#.#.....#......^.## #........Z...
####......Z.⌠...## ##..#.##.{..:
Z.#..#.##Z.....## ##..######{...
.##...#.Z.....## #.#.### #....


You could see Snorg (berserk) and a bullfrog.

Vanquished Creatures
  A two-headed ogre (D:9)
  A bog body (Lair:2)
  A cyclops (D:8)
  A guardian serpent (Lair:2)
  A black mamba (Lair:1)
  10 komodo dragons
  A hornet (D:9)
  3 blink frogs (Lair:1)
  Sigmund (D:3)
  A vampire (D:6)
  3 wyverns
  25 yaks
  A basilisk (Lair:2)
  4 fire bats (D:9)
  A steam dragon (D:7)
  2 wargs (D:8)
  5 water moccasins
  A hell hound (D:9)
  2 ice beasts (D:7)
  An orc warrior (D:8)
  An ogre (D:4)
  A centaur (D:6)
  A phantom (D:7)
  A kobold brigand (D:9)
  5 bullfrogs
  A necrophage (D:5)
  6 scorpions
  7 wights
  3 killer bees
  5 howler monkeys
  2 lava snakes (D:9)
  2 gnoll shamans
  2 jellies (D:6)
  2 hounds
  3 orc priests
  4 orc wizards
  14 gnolls
  5 adders
  A shadow imp (D:6)
  A white imp (D:8)
  An ufetubus (D:6)
  A worm (D:4)
  3 dart slugs
  10 orcs
  3 bats
  7 endoplasms
  4 giant cockroaches
  11 goblins
  8 hobgoblins
  4 jackals
  3 quokkas
  4 ball pythons
  2 frilled lizards (D:1)
  12 kobolds
  2 rats (D:3)
  A fire vortex (D:9)
209 creatures vanquished.

Vanquished Creatures (collateral kills)
  An oklob plant (Lair:1)
  2 komodo dragons
  A polar bear (Lair:1)
  2 blink frogs (Lair:1)
  6 yaks
  A basilisk (Lair:1)
  A black bear (Lair:2)
  A bullfrog (Lair:1)
  A killer bee (D:9)
  A gnoll (D:5)
  An adder (D:6)
  3 orcs
  2 butterflies (Lair:2)
  A fire vortex (D:9)
24 creatures vanquished.

Vanquished Creatures (others)
  A guardian serpent zombie (Lair:2)
  A black mamba zombie (Lair:1)
  2 komodo dragon zombies (Lair:2)
  A hell hound zombie (D:9)
  2 water moccasin zombies
  A yak zombie (Lair:2)
  2 bullfrog zombies (Lair:2)
  A black bear zombie (Lair:2)
  A scorpion zombie (D:5)
  2 killer bee zombies (D:9)
  A kobold zombie (D:9)
  A hound zombie (D:5)
  A howler monkey zombie (D:9)
  An adder zombie (D:5)
  A lava snake zombie (D:9)
  A spectral white imp (D:8)
  4 orc zombies
  A fire vortex (D:9)
  9 fungi
  10 plants
44 creatures vanquished.

Grand Total: 277 creatures vanquished

Notes
Turn   | Place    | Note
-------+----------+-------------------------------------------
     0 | D:1      | lunkers the Formicid Fighter began the quest for the Orb.
     0 | D:1      | Reached XP level 1. HP: 18/18 MP: 1/1
   231 | D:1      | Reached XP level 2. HP: 24/24 MP: 2/2
   618 | D:1      | Reached XP level 3. HP: 30/30 MP: 3/3
   624 | D:1      | Reached skill level 3 in Maces & Flails
  1866 | D:2      | Reached XP level 4. HP: 34/37 MP: 4/4
  2080 | D:3      | Noticed Sigmund
  2088 | D:3      | Killed Sigmund
  2089 | D:3      | Reached skill level 5 in Maces & Flails
  2089 | D:3      | Reached XP level 5. HP: 42/43 MP: 5/5
  2089 | D:3      | Reached XP level 6. HP: 48/50 MP: 6/6
  2957 | D:4      | Reached skill level 5 in Fighting
  3412 | D:4      | Reached XP level 7. HP: 45/56 MP: 7/7
  3441 | D:3      | Identified a scroll of acquirement
  3441 | D:3      | Acquired the +5 pair of boots of the Unbroken {Str+6 Int+2
                  | SInv}
  3738 | D:4      | Reached skill level 6 in Maces & Flails
  3902 | D:4      | Found a staircase to the Ecumenical Temple.
  4094 | Temple   | Entered the Ecumenical Temple
  4232 | Temple   | Became a worshipper of Yredelemnul the Dark
  4305 | D:5      | Entered Level 5 of the Dungeon
  4513 | D:5      | Reached * piety under Yredelemnul
  4972 | D:4      | Reached skill level 7 in Maces & Flails
  4972 | D:4      | Reached XP level 8. HP: 17/64 MP: 8/8
  5627 | D:6      | Noticed a vampire
  5633 | D:6      | Killed a vampire
  5634 | D:6      | Reached skill level 8 in Maces & Flails
  5683 | D:6      | Found a runed translucent gate.
  5695 | D:6      | Found a runed translucent gate.
  5696 | D:6      | Found a runed translucent gate.
  5696 | D:6      | Noticed croobank's ghost (novice GnDe)
  6275 | D:7      | Reached XP level 9. HP: 72/72 MP: 9/9
  6312 | D:7      | Reached skill level 9 in Maces & Flails
  6498 | D:7      | Reached skill level 10 in Maces & Flails
  6739 | D:7      | Found Jikaplia's Jewellery Emporium.
  7043 | D:8      | Reached skill level 11 in Maces & Flails
  7083 | D:8      | Reached XP level 10. HP: 62/79 MP: 10/10
  7086 | D:8      | Reached skill level 12 in Maces & Flails
  7120 | D:8      | Found a staircase to the Lair.
  7267 | D:8      | Reached ** piety under Yredelemnul
  7272 | D:8      | Reached skill level 13 in Maces & Flails
  7285 | D:8      | You fall into a shaft and drop 1 floor!
  7322 | D:9      | Noticed a two-headed ogre
  7329 | D:9      | Killed a two-headed ogre
  7376 | D:9      | Reached skill level 14 in Maces & Flails
  7409 | D:8      | Found a blossoming altar of Fedhas.
  7580 | D:8      | Noticed a cyclops
  7584 | D:8      | Killed a cyclops
  7585 | D:8      | Reached XP level 11. HP: 73/84 MP: 11/11
  7991 | D:9      | Reached skill level 15 in Maces & Flails
  8246 | Lair:1   | Entered Level 1 of the Lair of Beasts
  8246 | Lair:1   | Noticed an oklob plant
  8246 | Lair:1   | Found a broken altar of Ashenzari.
  8261 | Lair:1   | Killed an oklob plant
  8283 | Lair:1   | Reached skill level 16 in Maces & Flails
  8284 | Lair:1   | Reached *** piety under Yredelemnul
  8403 | Lair:1   | Reached **** piety under Yredelemnul
  8440 | Lair:1   | Reached skill level 1 in Invocations
  8453 | Lair:1   | Identified the +1 leather armour "Deolorui" {Rampage}
  8474 | Lair:1   | Reached ***** piety under Yredelemnul
  8483 | Lair:1   | Reached ****** piety under Yredelemnul
  8889 | Lair:2   | Found a staircase to the Snake Pit.
  8897 | Lair:2   | Reached XP level 12. HP: 75/92 MP: 14/14
  9345 | Lair:2   | Reached skill level 17 in Maces & Flails
  9359 | Lair:2   | Reached skill level 5 in Invocations
  9448 | Lair:2   | Found a staircase to the Swamp.
  9483 | Lair:2   | Identified the +9 long sword of Temno {vorpal, Contam Drain
                  | +Blink rN+++}
  9667 | Lair:2   | Identified the ring of Umaciech {rN+ Int+9 Dex+6 Stlth-}
 10137 | Lair:3   | Noticed Snorg
 10148 | Lair:2   | HP: 3/96 [Snorg (5)]
 10148 | Lair:2   | Mangled by Snorg

Illustrated notes

Levels and vault maps discovered:
D:1:      dpeg_arrival_arbitrary_c, layout_loops_ring
D:2:      layout_basic
D:3:      layout_basic, uniq_sigmund
D:4:      layout_cave_pools, minmay_temple_entry_nine_rooms, minmay_starry_boxes
D:5:      layout_gridville
D:6:      layout_loops_ring, gammafunk_ghost_split
D:7:      layout_basic, serial_shops, nicolae_inconvenience_store
D:8:      layout_basic, mainiacjoe_overflow_alcove_2, erik_lair_orcish_takeover,
          kennysheep_generic_room_13
D:9:      layout_basic, hangedman_incinerator
Temple:   compressed_dpeg_triangle_lava_temple
Lair:1:   layout_cave_shapes, lemuel_oklob_altar
Lair:2:   layout_cave_pods, skrybe_swamp_entry_bodies,
          minmay_snake_entry_spellcaster, beast_lair_carwin_1,
          lemuel_fruit_tree, grunt_megastairs_3, infiniplex_staircase_pool_2,
          lemuel_fruit_fields
Lair:3:   layout_hall_layers, nicolae_quartered_pool_impasse, uniq_gastronok,
          uniq_snorg

Skill      XL: |  1  2  3  4  5  6  7  8  9 10 11 12 |
---------------+-------------------------------------+-----
Maces & Flails | 3 5 7 8 11 14 16 17 | 17.4
Fighting       | 4 5 6 7 8 9 |  9.4
Invocations    | 2 5 |  5.8
Armour         | |  3.2
Shields        | |  4.0

Action                   |  1- 3 |  4- 6 |  7- 9 | 10-12 || total
-------------------------+-------+-------+-------+-------++-------
Melee: Flail             |   106 |   105 |    71 |       ||   282
       Giant club        |       |       |   112 |   272 ||   384
Invok: Recall Undead Har |       |       |       |     1 ||     1
  Use: Potion            |       |     1 |       |     1 ||     2
       Scroll            |       |       |    15 |     5 ||    20
 Stab: Distracted        |       |       |     1 |     3 ||     4
Armor: Scale mail        |    44 |    60 |   111 |   134 ||   349
Dodge: Dodged            |    52 |    60 |    98 |   133 ||   343
Block: Buckler           |    17 |    23 |    29 |       ||    69

Table legend: (Time is in decaauts)
 A = Elapsed time spent in this place.
 B = Non-inter-level travel time spent in this place.
 C = Inter-level travel time spent in this place.
 D = Time resting spent in this place.
 E = Time spent auto-exploring this place.
 F = Levels seen in this place.
 G = Mean time per level.
                   A        B        C        D        E       F      G
               +--------+--------+--------+--------+--------+-----+--------+
         Total |  10186 |   9729 |    457 |    768 |   7222 |  13 |  783.5 |
       Dungeon |   8155 |   7794 |    361 |    768 |   5562 |   9 |  906.1 |
        Temple |    153 |    120 |     33 |      0 |    106 |   1 |  153.0 |
          Lair |   1877 |   1815 |     62 |      0 |   1554 |   3 |  625.7 |
               +--------+--------+--------+--------+--------+-----+--------+

Top non-repeatable levels by time:
     D:3: 1269 daAuts
  Lair:2: 1234 daAuts
     D:4: 1206 daAuts
     D:1: 1067 daAuts
     D:2: 1040 daAuts
     D:5: 881 daAuts
     D:7: 805 daAuts
     D:6: 685 daAuts
  Lair:1: 637 daAuts
     D:8: 624 daAuts
     D:9: 574 daAuts
  Temple: 153 daAuts
  Lair:3: 5 daAuts
